 Dungeon Crawl Stone Soup version 0.31.0-11-ge490571c62 (webtiles) character file.

Game seed: 11915313045601868376

47060 sanka the Brawler (level 14, -3/149 HPs)
             Began as a Troll Monk on Jan 26, 2024.
             Was the Champion of the Shining One.
             Slain by a spark wasp (4 damage)
             ... on level 15 of the Dungeon.
             The game lasted 00:33:18 (13859 turns).

sanka the Brawler (Troll Monk)                     Turns: 13859, Time: 00:33:19

Health: -3/149     AC: 16    Str: 21    XL:     14   Next: 7%
Magic:  13/13      EV: 17    Int:  5    God:    the Shining One [******]
Gold:   653        SH:  0    Dex: 23    Spells: 13/13 levels left

rFire   . .          .
                       - Unarmed
rCold   . . .        (no shield)
rNeg    + + +        f - +0 storm dragon scales
rPois   +            (helmet restricted)
rElec   +            P - +2 ratskin cloak {*Rats rPois rN+ Str-1 Int-1 Dex+1}
rCorr   .            (gloves unavailable)
SInv    .            (boots unavailable)
Will    +....        n - amulet of the acrobat Stlth
                     F - +6 ring of dexterity
HPRegen 1.24/turn    v - +5 ring of evasion
MPRegen 0.13/turn

%: acrobat
@: glowing
A: large, unfitting armour, claws 3, regeneration 1, shaggy fur 1, tough skin 1
a: Renounce Religion, Divine Shield, Cleansing Flame, Summon Divine Warrior,
Brand Weapon With Holy Wrath


You were on level 15 of the Dungeon.
You worshipped the Shining One.
The Shining One was exalted by your worship.
You visited 3 branches of the dungeon, and saw 17 of its levels.
You also visited: Sewer.

You collected 1031 gold pieces.
You spent 378 gold pieces at shops.


Innate Abilities, Weirdness & Mutations

You are too large for most types of armour.
You have claws for hands.
Your natural rate of healing is unusually fast.
You are covered in fur. (AC +1)
You have tough skin. (AC +1)


   Skills:
 - Level 12.0 Fighting
 * Level 2.6 Armour
 - Level 12.0 Dodging
 * Level 3.0 Shields
 - Level 15.0 Unarmed Combat


You had 13 spell levels left.
You didn't know any spells.
Your spell library contained the following spells:

 Spells                   Type           Power      Damage    Failure   Level
 Magic Dart               Conj           0%         1d3       99%         1
 Shock                    Conj/Air       0%         1d3       99%         1
 Blink                    Tloc           0%         N/A       100%        2
 Cigotuvi's Dreadful Rot  Necr/Alch/Air  0%         N/A       100%        2
 Lesser Beckoning         Tloc           0%         N/A       100%        2
 Momentum Strike          Conj/Tloc      0%         3d8       100%        2
 Searing Ray              Conj           0%         2d4       100%        2
 Swiftness                Air            0%         N/A       100%        3
 Volatile Blastmotes      Fire/Tloc      0%         2d10      100%        3
 Airstrike                Air            0%         2d(0-16)  100%        4
 Fulminant Prism          Conj/Alch      0%         3d5       100%        4
 Plasma Beam              Fire/Air       0%         2x1d10    100%        6
 Fire Storm               Conj/Fire      0%         5d1       100%        9

Inventory:

Hand Weapons
 c - the +7 great mace "Epuzxeibb" {flame, +Blink rC+ Dex+2 Stlth+}

   Dex+2:     It affects your dexterity (+2).
   rC+:       It protects you from cold.
   +Blink:    It lets you blink.
   Stlth+:    It makes you more stealthy.
Missiles
 R - 9 curare-tipped darts {=f}
 W - 9 large rocks {=f}
Armour
 f - +0 storm dragon scales (worn)
 i - the +5 robe of Aheacap {rF+ Regen+} rF+: It protects you from fire. Regen+: It increases your rate of health regeneration.
 o - a +0 kite shield of resistance
 O - an orb of wrath
 P - the +2 ratskin cloak (worn) {*Rats rPois rN+ Str-1 Int-1 Dex+1} *Rats: When the wearer is hurt, rats may emerge from it to assist them. Str-1: It affects your strength (-1). Int-1: It affects your intelligence (-1). Dex+1: It affects your dexterity (+1). rPois: It protects you from poison rN+: It protects you from negative energy.
 Q - the scarf of the Present {rC+ rF+, rN+ rCorr} rN+: It protects you from negative energy. rCorr: It protects you from acid and corrosion.
Jewellery
 n - an amulet of the acrobat (around neck)
 v - a +5 ring of evasion (right claw)
 A - a ring of willpower
 F - a +6 ring of dexterity (left claw)
 G - a ring of poison resistance
 J - a ring of protection from fire
Talismans
 w - a serpent talisman
 E - a flux talisman
Wands
 d - a wand of flame (36)
 h - a wand of charming (28)
 y - a wand of mindburst (9)
 B - a wand of polymorph (17)
 L - a wand of acid (9)
 X - a wand of digging (4)
 Y - a wand of iceblast (4)
Scrolls
 g - 4 scrolls of poison {!r}
 j - 2 scrolls of enchant armour
 k - a scroll of butterflies
 p - 3 scrolls of noise {!r}
 q - 3 scrolls of fear
 r - 2 scrolls of immolation {!r}
 t - 4 scrolls of fog
 u - a scroll of revelation
 z - 3 scrolls of vulnerability {!r}
 C - 2 scrolls of enchant weapon
 K - a scroll of teleportation {@r4}
 S - a scroll of blinking
 T - a scroll of silence {!r}
Potions
 a - a potion of resistance
 b - 3 potions of ambrosia
 e - 2 potions of heal wounds {@q2}
 l - 3 potions of berserk rage {!q}
 m - 4 potions of curing {@q1}
 s - 6 potions of enlightenment
 x - 5 potions of lignification {!q}
 D - 3 potions of might
 H - 2 potions of attraction {!q}
 I - 3 potions of mutation {!q}
 M - a potion of haste {unknown}
 N - 3 potions of brilliance
 V - a potion of cancellation {unknown}
Miscellaneous
 U - a tin of tremorstones (2/2)

Dungeon Overview and Level Annotations

Branches:
Dungeon (15/15)            Temple (1/1) D:6            Lair (0/5) D:8
    Orc (0/2) D:11         Vaults (0/5) D:14         Depths (1/4) D:15
  Sewer (visited)

Altars:
Ashenzari
Cheibriados
Dithmenos
Elyvilon
Fedhas
Gozag
Hepliaklqana
Kikubaaqudgha
Makhleb
Nemelex Xobeh
Okawaru
Qazlal
Ru
Sif Muna
Trog
Uskayaw
Vehumet
Wu Jian
Xom
Yredelemnul
Zin
The Shining One

Shops:
D:1 (   D:3 !(   D:14 [

Annotations:
D:8 exclusion: downstairs
D:11 exclusion: downstairs
D:13 exclusion: ice statue
D:14 exclusion: downstairs
D:15 3 runed translucent doors, AyAyRon's ghost, adept DsFi; Jiecrehi's ghost, journeyman DDFi; Kuralita's ghost, journeyman OpSh

▒.......▒
▒▒▒▒▒.......▒▒▒▒▒▒▒▒▒▒▒▒▒
▒.).▒▒▒'▒▒.......[.▒▒...▒▒▒▒▒▒
▒...▒ ▒.....................[.
▒...▒ ▒..▒▒.▒.▒.▒.......▒▒▒▒▒▒
▒...▒ ▒.....▒▒▒.........▒
▒...▒▒▒.▒▒▒.....▒.......▒
▒.......▒ ▒.▒▒▒▒.▒▒▒....▒
▒▒▒.▒▒▒▒▒ ▒.▒Tr.▒.......▒ ▒.▒
▒▒▒▒▒+▒yr...▒..▒▒▒▒ ▒▒▒ ▒.▒
▒.....▒...▒.▒.▒▒ ▒..
▒▒▒.▒▒▒..▒.▒+▒.▒..▒.▒ ▒..
▒.....▒.▒...▒...[.▒.▒ ▒..
▒▒▒▒'▒▒▒.▒.....▒'▒▒▒▒▒.▒▒▒▒▒▒▒▒.[
......<▒..[▒..⌠▒.▒▒▒▒............
......▒▒▒▒▒)▒▒▒▒.▒...............
(..........▒.....▒...............


You could see a spark wasp (ally target) and 2 friendly river rats.


Message History

The spark wasp barely misses you.
Unknown command.
You mangle the spark wasp!!
You kill the spark wasp!
The spark wasp stings you but does no damage.
Your Shields skill increases to level 3!
Unknown command.
You claw the spark wasp! You claw the spark wasp.
The spark wasp is moderately wounded.
The spark wasp barely misses you.
You closely miss the spark wasp.
The spark wasp is moderately wounded.
The spark wasp stings you!
* * * LOW HITPOINT WARNING * * *
The spark wasp shocks you. You resist.
* * * LOW HITPOINT WARNING * * *
A river rat scurries out from under your cloak.
Your river rat barely misses the spark wasp.
The spark wasp stings you but does no damage.
The spark wasp closely misses you.
Your river rat bites the spark wasp but does no damage.
You barely miss the spark wasp.
The spark wasp is moderately wounded.
The spark wasp stings you!!
* * * LOW HITPOINT WARNING * * *
The spark wasp shocks you. You resist.
You die...

Action                     |  1- 3 |  4- 6 |  7- 9 | 10-12 | 13-15 || total
---------------------------+-------+-------+-------+-------+-------++-------
  Melee: Unarmed           |    66 |   177 |   255 |   575 |   259 ||  1332
         Punch             |       |       |       |    45 |    36 ||    81
  Evoke: Wand              |       |       |       |     6 |       ||     6
    Use: Scroll            |       |       |     9 |     8 |     2 ||    19
         Potion            |       |       |       |     1 |     5 ||     6
 Armour: Robe              |    35 |    85 |   104 |   266 |   123 ||   613
         Storm dragon scal |       |       |       |       |    20 ||    20
  Dodge: Dodged            |    33 |   102 |   175 |   512 |   196 ||  1018

Levels and vault maps discovered:
D:1:      reono_arrival_mine, layout_rooms, serial_shops, shop,
          nicolae_wormholes
D:2:      layout_rooms, minmay_pentomino_o2
D:3:      kennysheep_slugbush, layout_loops_corners, nemelex_dance_club_becter,
          portal_sewer_entry_e, serial_shops, nicolae_shop_stone,
          nicolae_shop_bloodbath_and_beyond
D:4:      layout_basic, uniq_natasha
D:5:      layout_gridville, chequers_temple_overflow_minitemple,
          dreamdust_wishing_well
D:6:      layout_cave_pods, minmay_temple_entry_wispy, serial_glass,
          glass_columns_b, glass_columns_a, uniq_jeremiah
D:7:      layout_loops_corners, serial_co_window_serial, co_window_corner_a,
          co_window_of_opportunity_a, co_window_paths_a, co_window_corner_a,
          co_window_paths_a, co_window_unsneaky_path_a,
          co_window_unsneaky_path_e, co_window_2corner, co_window_sun,
          glass_columns_a, glass_columns_b, glass_columns_c, uniq_joseph
D:8:      layout_loops_cross, nicolae_qazlal_style_of_elements,
          erik_lair_island, kennysheep_small_circle, uniq_pikel
D:9:      layout_big_octagon, uniq_prince_ribbit1
D:10:     layout_basic
D:11:     layout_basic, hiddenorc2_lemuel, nicolae_diode_quadrants, uniq_grum
D:12:     layout_roguey, kennysheep_slug_shrine
D:13:     minmay_twisted_water, layout_irregular_city,
          hangedman_decor_diamond_cutter, uniq_jorgrun, uniq_sonja
D:14:     layout_loops_ring, skrybe_vaults_entry_preservation, drop_trap,
          minmay_shop_chei, hangedman_abyss_or_decor_passed
D:15:     hangedman_depths_entry_civil_slaughter, layout_basic,
          evilmike_ruin_ashenzari, gammafunk_ghost_crypt
Temple:   nicolae_temple_bog_church
Depths:1: layout_basic, grunt_pan_entry_spiral, hangedman_geh_valley,
          abyss_entry, minmay_guarded_unrand_mage, uniq_asterion

Notes
Turn   | Place    | Note
-------+----------+-------------------------------------------
     0 | D:1      | sanka the Troll Monk began the quest for the Orb.
     0 | D:1      | Reached XP level 1. HP: 22/22 MP: 0/0
   106 | D:1      | Reached XP level 2. HP: 29/29 MP: 1/1
   332 | D:1      | Found Olilynev's Antique Weapon Boutique.
   386 | D:1      | Reached XP level 3. HP: 36/36 MP: 2/2
   431 | D:2      | Reached skill level 4 in Unarmed Combat
   458 | D:2      | Reached skill level 3 in Fighting
   471 | D:2      | Reached XP level 4. HP: 45/45 MP: 3/3
   484 | D:2      | Identified the +5 robe of Aheacap {rF+ Regen+}
   854 | D:3      | Identified the +5 plate armour of the Playwright {Int+3
                  | Slay+3 Stlth+}
   991 | D:3      | Found Anogrodo's Weapon Emporium.
  1095 | D:3      | Noticed an ogre
  1104 | D:3      | Killed an ogre
  1105 | D:3      | Reached skill level 5 in Unarmed Combat
  1105 | D:3      | Reached XP level 5. HP: 30/54 MP: 4/4
  1161 | D:3      | Found a glowing drain.
  1170 | Sewer    | Entered a sewer
  1213 | Sewer    | Reached XP level 6. HP: 62/62 MP: 5/5
  1354 | Sewer    | Reached skill level 6 in Unarmed Combat
  1832 | D:3      | Found a sparkling altar of Nemelex Xobeh.
  1843 | D:3      | Reached skill level 4 in Fighting
  2190 | D:3      | Found Sowukhlem's Distillery.
  2475 | D:4      | Reached XP level 7. HP: 70/70 MP: 6/6
  2657 | D:4      | Reached skill level 7 in Unarmed Combat
  2669 | D:4      | Noticed Natasha
  2675 | D:4      | Killed Natasha
  2743 | D:4      | Noticed Natasha
  2751 | D:4      | Killed Natasha
  2976 | D:4      | Noticed Natasha
  2979 | D:4      | Killed Natasha
  3319 | D:5      | Entered Level 5 of the Dungeon
  3374 | D:5      | Found a faded altar of an unknown god.
  3374 | D:5      | Found a sacrificial altar of Ru.
  3383 | D:5      | Found a faded altar of an unknown god.
  3385 | D:5      | Found a snail-covered altar of Cheibriados.
  3387 | D:5      | Found a broken altar of Ashenzari.
  3446 | D:5      | Reached skill level 5 in Fighting
  3446 | D:5      | Reached skill level 8 in Unarmed Combat
  3489 | D:5      | Reached XP level 8. HP: 71/80 MP: 7/7
  3840 | D:6      | Reached skill level 9 in Unarmed Combat
  3888 | D:6      | Identified +0 steam dragon scales
  3983 | D:6      | Reached skill level 6 in Fighting
  3986 | D:6      | Noticed Jeremiah
  4057 | D:6      | Killed Jeremiah
  4058 | D:6      | Reached skill level 10 in Unarmed Combat
  4058 | D:6      | Reached XP level 9. HP: 81/92 MP: 8/8
  4182 | D:6      | Reached skill level 7 in Fighting
  4314 | D:6      | Found a staircase to the Ecumenical Temple.
  4407 | Temple   | Entered the Ecumenical Temple
  4416 | Temple   | Became a worshipper of the Shining One
  4416 | Temple   | Reached * piety under the Shining One
  4416 | Temple   | Reached ** piety under the Shining One
  4776 | D:6      | Identified +0 steam dragon scales
  4899 | D:7      | Reached skill level 8 in Fighting
  4936 | D:7      | Reached skill level 3 in Dodging
  5202 | D:7      | Reached skill level 4 in Dodging
  5531 | D:7      | Noticed Joseph
  5541 | D:7      | Killed Joseph
  5542 | D:7      | Reached skill level 5 in Dodging
  5637 | D:7      | Reached XP level 10. HP: 91/104 MP: 9/9
  5969 | D:7      | Reached skill level 6 in Dodging
  6099 | D:8      | Reached *** piety under the Shining One
  6177 | D:8      | Found a staircase to the Lair.
  6194 | D:8      | Noticed Pikel
  6195 | D:8      | Reached skill level 7 in Dodging
  6241 | D:7      | Killed Pikel
  6242 | D:7      | Reached skill level 8 in Dodging
  6412 | D:8      | Identified the +7 great mace "Epuzxeibb" {flame, +Blink rC+
                  | Dex+2 Stlth+}
  6465 | D:8      | Found a stormy altar of Qazlal.
  6641 | D:8      | Paralysed by a hornet for 3 turns
  6647 | D:8      | Reached skill level 11 in Unarmed Combat
  6919 | D:9      | Reached **** piety under the Shining One
  6975 | D:9      | Noticed Prince Ribbit
  6990 | D:9      | Killed Prince Ribbit
  6997 | D:9      | Reached XP level 11. HP: 111/111 MP: 10/10
  7082 | D:9      | Reached skill level 12 in Unarmed Combat
  7107 | D:9      | Got the Elucidation of Scorching Last Rites
  7274 | D:10     | Entered Level 10 of the Dungeon
  7305 | D:10     | Noticed a two-headed ogre
  7312 | D:10     | Killed a two-headed ogre
  7330 | D:10     | Noticed a two-headed ogre
  7340 | D:10     | Killed a two-headed ogre
  7341 | D:10     | Reached skill level 13 in Unarmed Combat
  7798 | D:3      | Bought 2 potions of heal wounds for 140 gold pieces
  7798 | D:3      | Bought a potion of curing for 42 gold pieces
  7798 | D:3      | Bought a potion of attraction for 42 gold pieces
  7798 | D:3      | Bought a potion of mutation for 112 gold pieces
  7798 | D:3      | Bought a potion of lignification for 42 gold pieces
  8244 | D:11     | Found a staircase to the Orcish Mines.
  8408 | D:11     | Reached ***** piety under the Shining One
  8443 | D:11     | Noticed Grum
  8454 | D:11     | Killed Grum
  8541 | D:11     | Noticed a two-headed ogre
  8548 | D:11     | Killed a two-headed ogre
  8549 | D:11     | Reached skill level 14 in Unarmed Combat
  8711 | D:11     | Found a transporter.
  8712 | D:11     | Found a transporter.
  8715 | D:11     | Found a transporter.
  8867 | D:11     | Found a transporter.
  9089 | D:12     | Noticed a green ugly thing
  9098 | D:12     | Killed a green ugly thing
  9214 | D:12     | Found the +2 ratskin cloak {*Rats rPois rN+ Str-1 Int-1
                  | Dex+1}
  9291 | D:12     | Identified the scarf of the Present {rC+ rF+, rN+ rCorr}
  9501 | D:12     | Found a snail-covered altar of Cheibriados.
  9529 | D:12     | Reached skill level 15 in Unarmed Combat
  9928 | D:12     | Reached XP level 12. HP: 119/119 MP: 11/11
  9949 | D:12     | Identified the +1 rapier of Discord {antimagic, *Slow Str+4
                  | Int+4}
 10144 | D:13     | Noticed a catoblepas
 10167 | D:13     | Killed a catoblepas
 10208 | D:13     | Identified a potion of resistance
 10611 | D:13     | Noticed Sonja
 10615 | D:13     | Killed Sonja
 10668 | D:13     | Noticed Jorgrun
 10684 | D:13     | Killed Jorgrun
 10685 | D:13     | Reached skill level 9 in Fighting
 10685 | D:13     | Reached skill level 9 in Dodging
 11252 | D:13     | Identified +0 acid dragon scales
 11519 | D:14     | Reached skill level 10 in Fighting
 11521 | D:14     | Reached skill level 10 in Dodging
 11623 | D:14     | Noticed a centaur warrior
 11637 | D:14     | Killed a centaur warrior
 11655 | D:14     | Noticed a centaur warrior
 11663 | D:14     | Killed a centaur warrior
 11664 | D:14     | Reached XP level 13. HP: 129/135 MP: 12/12
 11788 | D:14     | Found a gate to the Vaults.
 11788 | D:14     | Noticed an ironbound preserver
 11806 | D:14     | Killed an ironbound preserver
 11841 | D:14     | Found a snail-covered altar of Cheibriados.
 11865 | D:14     | Found Cheibriados's Comfort Zone.
 12193 | D:14     | Reached skill level 11 in Fighting
 12193 | D:14     | Reached skill level 11 in Dodging
 12280 | D:15     | Entered Level 15 of the Dungeon
 12480 | D:15     | Reached ****** piety under the Shining One
 12481 | D:15     | Found a staircase to the Depths.
 12628 | D:15     | Found a broken altar of Ashenzari.
 12674 | D:15     | Identified +0 storm dragon scales
 12793 | D:15     | Reached skill level 12 in Fighting
 12793 | D:15     | Reached skill level 12 in Dodging
 12811 | D:15     | Found a runed translucent gate.
 12811 | D:15     | Found a runed translucent gate.
 12811 | D:15     | Found an ancient bone altar of Kikubaaqudgha.
 12811 | D:15     | Found a runed translucent gate.
 12811 | D:15     | Noticed Kuralita's ghost (journeyman OpSh)
 12812 | D:15     | Noticed a lich
 12812 | D:15     | Noticed Jiecrehi's ghost (journeyman DDFi)
 12812 | D:15     | Noticed AyAyRon's ghost (adept DsFi)
 12812 | D:15     | Noticed a lich
 12841 | D:15     | Identified a +0 kite shield of resistance
 13484 | Depths:1 | Entered Level 1 of the Depths
 13488 | Depths:1 | Noticed an ettin
 13495 | Depths:1 | Killed an ettin
 13496 | Depths:1 | Reached skill level 1 in Armour
 13496 | Depths:1 | Reached skill level 1 in Shields
 13496 | Depths:1 | Noticed an ettin
 13550 | D:15     | Killed an ettin
 13581 | Depths:1 | Noticed Asterion
 13585 | Depths:1 | Noticed a balrug
 13585 | Depths:1 | Noticed a spark wasp
 13586 | Depths:1 | Noticed a spark wasp
 13591 | D:15     | Noticed a green death
 13707 | D:15     | Killed Asterion
 13708 | D:15     | Reached skill level 2 in Armour
 13708 | D:15     | Reached skill level 2 in Shields
 13768 | Depths:1 | Noticed a spark wasp
 13768 | Depths:1 | Noticed a spark wasp
 13778 | D:15     | Killed a spark wasp
 13779 | D:15     | Reached XP level 14. HP: 38/149 MP: 13/13
 13846 | Depths:1 | Noticed a stone giant
 13852 | D:15     | HP: 13/149 [spark wasp (23)]
 13856 | D:15     | Reached skill level 3 in Shields
 13857 | D:15     | HP: 11/149 [spark wasp (5)]
 13859 | D:15     | HP: 1/149 [spark wasp (20)]
 13859 | D:15     | Slain by a spark wasp

Vanquished Creatures
  Jorgrun (D:13)
  Asterion (D:15)
  An ironbound preserver (D:14)
  2 spark wasps (D:15)
  2 ettins
  A catoblepas (D:13)
  A death knight (D:15)
  A boulder beetle (D:14)
  3 two-headed ogres
  3 centaur warriors
  4 tengu warriors (D:15)
  A deep troll earth mage (D:15)
  Sonja (D:13)
  A deep troll (D:15)
  A mana viper (shapeshifter) (D:15)
  A phantasmal warrior (D:15)
  Pikel (D:7)
  A necromancer (D:15)
  22 ugly things
  2 manticores (D:13)
  2 cyclopes
  A black mamba (shapeshifter) (D:15)
  Joseph (D:7)
  A gargoyle (D:13)
  An unseen horror (D:12)
  Jeremiah (D:6)
  A freezing wraith (D:15)
  A komodo dragon (D:11)
  A kobold demonologist (D:14)
  A yaktaur (D:13)
  10 trolls
  A hornet (D:8)
  Prince Ribbit (D:9)
  10 slime creatures
  2 shadows
  5 wraiths
  A water elemental (D:13)
  12 yaks
  4 wyverns
  Grum (D:11)
  5 basilisks
  13 vampire mosquitoes
  3 steam dragons (D:6)
  An acid dragon (D:13)
  2 water moccasins
  12 ice beasts
  2 orc warriors
  A sky beast (D:6)
  2 ogres
  2 black bears
  5 wolves
  2 centaurs
  A phantom (D:5)
  A lemure (D:7)
  4 bullfrogs
  3 gnoll sergeants
  4 scorpions
  8 wights
  12 killer bees
  4 howler monkeys
  7 electric eels
  A bombardier beetle (D:7)
  A gnoll bouda (D:9)
  6 hounds
  20 orc priests
  3 iguanas
  Natasha (thrice) (D:4)
  13 orc wizards
  10 gnolls
  13 adders
  5 river rats
  2 shadow imps
  3 white imps
  4 ufetubi
  6 ribbon worms
  13 dart slugs
  66 orcs
  14 ball pythons
  10 endoplasms
  7 giant cockroaches
  6 goblins
  5 hobgoblins
  7 jackals
  4 kobolds
  4 quokkas
  10 bats
  2 frilled lizards (D:3)
  6 rats
447 creatures vanquished.

Vanquished Creatures (collateral kills)
  An ugly thing (D:14)
1 creature vanquished.

Grand Total: 448 creatures vanquished
